 Dungeon Crawl Stone Soup version 0.29.1-15-g9cfb28693d (webtiles) character file.

Game seed: 2748194410940340445

251 leafyfresh the Covert (level 6, 0/42 HPs)
             Began as an Octopode Delver on Feb 24, 2023.
             Slain by an orc
             ... wielding a +0 hand axe
              (3 damage)
             ... on level 1 of the Dungeon.
             The game lasted 00:03:49 (3080 turns).

leafyfresh the Covert (Octopode Delver)             Turns: 3080, Time: 00:03:50

Health: 0/42       AC:  1    Str: 11    XL:     6   Next: 13%
Magic:  6/6        EV: 13    Int: 21    God:
Gold:   134        SH:  0    Dex: 13    Spells: 5/5 levels left

rFire   . . .      SeeInvis .   a - +0 short sword
rCold   + . .      Faith    .   (no shield)
rNeg    . . .      Spirit   .   n - +0 hat
rPois   .          Reflect  .   (no amulet)
rElec   .          Harm     .   r - ring of protection from cold
rCorr   .          Rampage  .   s - +6 ring of intelligence
Will    .....                   (no ring)
Stlth   +++++.....              (no ring)
HPRegen 0.14/turn               (no ring)
MPRegen 0.10/turn               (no ring)
                                (no ring)
                                (no ring)

@: no status effects
A: almost no armour, amphibious, 8 rings, camouflage 1, gelatinous body 1,
(nimble swimmer 1), tentacles
a: no special abilities


You were on level 1 of the Dungeon.
You visited 1 branch of the dungeon, and saw 5 of its levels.

You collected 134 gold pieces.

Inventory:

Hand Weapons
 a - a +0 short sword (weapon)
Armour
 n - a +0 hat (worn)
Magical Staves
 l - a staff of air
Jewellery
 r - a ring of protection from cold (left tentacle)
 s - a +6 ring of intelligence (right tentacle)
Wands
 f - a wand of digging (3)
Scrolls
 b - a scroll of fog
 c - a scroll of magic mapping
 g - a scroll of amnesia {unknown}
 h - 3 scrolls of noise {unknown}
 i - 4 scrolls of blinking {unknown}
 q - 2 scrolls of teleportation {unknown}
 t - a scroll of enchant armour {unknown}
 u - 2 scrolls of identify {unknown}
 v - a scroll of enchant weapon {unknown}
Potions
 e - a potion of haste
 j - a potion of heal wounds
 k - a potion of attraction {unknown}
 m - a potion of curing {unknown}
 o - a potion of brilliance {unknown}
 p - 2 potions of lignification {unknown}
 w - a potion of degeneration {unknown}


   Skills:
 + Level 3.4 Fighting
 - Level 2.4 Short Blades
 + Level 2.6 Dodging
 + Level 9.8 Stealth
 + Level 0.4 Spellcasting


You had 5 spell levels left.
You didn't know any spells.
Your spell library contained the following spells:

 Spells                   Type           Power      Damage    Failure   Level
 Ensorcelled Hibernation  Hex/Ice        0%         N/A       26%         2
 Passwall                 Tmut/Erth      0%         N/A       26%         2
 Confusing Touch          Hex            0%         N/A       45%         3
 Swiftness                Air            0%         N/A       45%         3
 Yara's Violent Unravell  Hex/Tmut       0%         3d3       99%         5
 Enfeeble                 Hex            0%         N/A       100%        7


Dungeon Overview and Level Annotations

Branches:
Dungeon (5/15)
 Temple: D:4-7

Altars:
Kikubaaqudgha
Xom

Annotations:
D:3 1 runed translucent door, Crazy Yiuf


Innate Abilities, Weirdness & Mutations

You cannot wear most types of armour.
You are amphibious.
You can wear up to eight rings at the same time.
Your skin changes colour to match your surroundings (Stealth+).
Your rubbery body absorbs attacks. (AC +1, EV +1)
((You are camouflaged when in or above water. (Stealth+)))
You have tentacles for arms and can constrict up to eight enemies at once.


Message History

You barely miss the orc. Your grab misses the orc. Your squeeze misses the orc.
The orc hits you but does no damage.
Unknown command.
It was a potion of heal wounds.
You feel much better.
The orc hits you with a +1 short sword of speed. x2
Unknown command.
You barely miss the orc. Your grab misses the orc.
The orc hits you with a +1 short sword of speed.
You hit the orc but do no damage. You grab the orc. You constrict the orc.
The orc closely misses you.
The orc hits you with a +1 short sword of speed.
You hit the orc.
The orc is almost dead.
You constrict the orc.
You kill the orc!
You barely miss the orc. Your grab misses the orc. The orc misses you.
You closely miss the orc. You grab the orc.
You constrict the orc, but do no damage.
The orc hits you with a +1 flail of protection!
* * * LOW HITPOINT WARNING * * *
You hit the orc but do no damage.
You constrict the orc, but do no damage.
The orc hits you with a +1 flail of protection.
* * * LOW HITPOINT WARNING * * *
You hit the orc but do no damage. You squeeze the orc.
The orc is moderately wounded.
You constrict the orc, but do no damage.
The orc closely misses you.
You hit the orc.
The orc is severely wounded.
You constrict the orc.
You kill the orc!
You barely miss the orc. Your grab misses the orc. The orc closely misses you.
You hit the orc. Your grab misses the orc.
The orc is heavily wounded.
The orc closely misses you.
You barely miss the orc. Your grab misses the orc.
The orc is heavily wounded.
The orc hits you with a +0 hand axe.
You die...

.'.........'........#
##.........##.#...#.#
##.......###.#..##.#
###############.....#
..........)...#.....#
#..########...##.####
..## ....#...##.#
.#####...o#...##.#
.8.#.#.⌠..#...##@#
...o)'...o#...##o#
...).'....#...##.#
.8.#o#...o#.o....#
.#####..oo#..o#..#
..## ....#...####
..)########..o#
........o.....#
........###...#


You could see an orc.

Vanquished Creatures
  An ogre (D:5)
  A jelly (D:5)
  An iguana (D:5)
  4 adders
  2 worms (D:2)
  5 orcs
  6 ball pythons
  2 endoplasms
  6 giant cockroaches
  6 goblins
  4 hobgoblins
  3 jackals (D:1)
  A quokka (D:2)
  2 bats
  6 frilled lizards
  6 kobolds
  5 rats
61 creatures vanquished.

Notes
Turn   | Place    | Note
-------+----------+-------------------------------------------
     0 | D:5      | leafyfresh the Octopode Delver began the quest for the Orb.
     0 | D:5      | Reached XP level 1. HP: 16/16 MP: 1/1
    38 | D:5      | Noticed an iguana
    46 | D:5      | Killed an iguana
    47 | D:5      | Reached XP level 2. HP: 12/21 MP: 2/2
    47 | D:5      | Reached XP level 3. HP: 15/26 MP: 3/3
   204 | D:5      | Noticed an ogre
   214 | D:5      | Killed an ogre
   215 | D:5      | Reached skill level 8 in Stealth
   215 | D:5      | Reached XP level 4. HP: 5/31 MP: 4/4
   578 | D:5      | Reached skill level 9 in Stealth
   578 | D:5      | Reached XP level 5. HP: 31/36 MP: 5/5
   689 | D:4      | Found a shimmering altar of Xom.
   785 | D:3      | Found an ancient bone altar of Kikubaaqudgha.
  1056 | D:3      | Found a runed translucent door.
  1057 | D:3      | Noticed Crazy Yiuf
  2207 | D:1      | Reached XP level 6. HP: 42/42 MP: 6/6
  2275 | D:1      | Found a faded altar of an unknown god.
  2725 | D:1      | Found a large runed translucent door.
  2725 | D:1      | Found a large runed translucent door.
  3067 | D:1      | HP: 2/42 [orc/+1 short sword of speed (4)]
  3075 | D:1      | HP: 2/42 [orc/+1 flail of protection (5)]
  3080 | D:1      | Slain by an orc

Illustrated notes

Levels and vault maps discovered:
D:1:      erik_arrival_cave_to_civilisation [erik_arrival_cave_to_temple],
          layout_loops_corners, hellmonk_ecumenical_altar_blasted
D:2:      wad_crossroads, layout_basic, hex_tiny
D:3:      layout_basic, kiku_gazebo_pond_becter, columned_hall_lemuel,
          uniq_crazy_yiuf_cottage
D:4:      layout_gridville, mainiacjoe_overflow_concentric_impassable,
          overflow_temple_1_default, mainiacjoe_overflow_divided_tiny,
          temple_statues, grunt_decor_resistance, minmay_goblin_outpost
D:5:      layout_cave_pods

Skill      XL: |  1  2  3  4 |
---------------+-------------+-----
Stealth        | 8 9 |  9.8
Fighting       | |  3.4
Short Blades   | |  2.4
Dodging        | |  2.6
Spellcasting   | |  0.4

Action                   |  1- 3 |  4- 6 || total
-------------------------+-------+-------++-------
Melee: Short sword       |     6 |   105 ||   111
       Tentacles         |     2 |    23 ||    25
       Constrict         |     1 |    23 ||    24
       Punch             |       |     2 ||     2
  Use: Scroll            |       |     1 ||     1
       Potion            |       |     1 ||     1
 Stab: Sleeping          |     2 |    27 ||    29
Armor: Skin              |       |     4 ||     4
Dodge: Dodged            |       |    72 ||    72
